 Dungeon Sprint DCSS version 0.26.1-11-gd32895ea62 (webtiles) character file.

Game seed: 18330649084723367329

633 Groucho the Unseen (level 7, -6/61 HPs)
             Began as a Gargoyle Berserker on June 23, 2021.
             Was a Believer of Trog.
             Mangled by a centaur warrior (10 damage)
             ... in the Dungeon (Sprint I: "Red Sonja").
             The game lasted 00:01:45 (536 turns).

Groucho the Unseen (Gargoyle Berserker)              Turns: 536, Time: 00:01:46

Health: -6/61      AC:  6    Str: 21    XL:     7   Next: 49%
Magic:  7/7        EV: 12    Int:  7    God:    Trog [**....]
Gold:   416        SH:  0    Dex: 11    Spells: 6/6 levels left

rFire    . . .     SeeInvis .   j - +1 dagger (elec)
rCold    . . .     Faith    .   (no shield)
rNeg     + . .     Spirit   .   b - +0 animal skin
rPois    ∞         Reflect  .   (no helmet)
rElec    +         Harm     .   (no cloak)
rCorr    .         Rampage  .   (no gloves)
Will     ++...     NoTele   +   (no boots)
Stlth    ..........             (no amulet)
HPRegen  1.20/turn              (no ring)
MPRegen  0.10/turn              (no ring)

@: berserking (expiring), regenerating, very quick
A: negative energy resistance 1, electricity resistance, unbreathing,
petrification resistance, miasma immunity, AC +4
a: Renounce Religion, Berserk, Trog's Hand


You were in the Dungeon.
You worshipped Trog.
Trog was pleased with you.
You visited 1 branch You collected 416 gold pieces.

Inventory:

Hand Weapons
 a - a +0 short sword
 j - a +1 dagger of electrocution (weapon)
Armour
 b - a +0 animal skin (worn)
 k - a +0 leather armour
Jewellery
 l - an uncursed ring of willpower {unknown}
Wands
 i - a wand of flame (35)
Potions
 c - a potion of curing
 d - a potion of heal wounds
 e - a potion of haste
 f - 2 potions of magic
 g - a potion of berserk rage


   Skills:
 + Level 3.2 Fighting
 + Level 2.6 Short Blades
 + Level 2.1 Armour
 + Level 1.5 Dodging
 + Level 17.3 Stealth


You had 6 spell levels left.
You didn't know any spells.
Your spell library was empty.

Dungeon Overview and Level Annotations

Branches:
Dungeon (1/1)

Altars:
Cheibriados
Dithmenos
Elyvilon
Fedhas
Gozag
Hepliaklqana
Kikubaaqudgha
Makhleb
Nemelex Xobeh
Okawaru
Qazlal
Ru
Sif Muna
Trog
Uskayaw
Vehumet
Wu Jian
Xom
Yredelemnul
Zin
The Shining One
Jiyva
Lugonu

Shops:
D (


Innate Abilities, Weirdness & Mutations

You are resistant to torment.
Your stone body is resilient. (AC +4)
You are immune to poison.
You resist negative energy. (rN+)
You are resistant to electric shocks. (rElec)
You can survive without breathing.
You are immune to petrification.
You are immune to miasma.


Message History

The centaur warrior closely misses you. The centaur warrior hits you.
* * * LOW HITPOINT WARNING * * *
Unknown command.
You puncture the centaur warrior!
The centaur warrior is severely wounded.
The centaur warrior hits you but does no damage.
The centaur warrior closely misses you.
You puncture the centaur warrior!
The centaur warrior is almost dead.
You hit the centaur warrior.
The centaur warrior is almost dead.
The centaur warrior hits you.
* * * LOW HITPOINT WARNING * * *
The centaur warrior hits you but does no damage.
You hit the centaur warrior.
The centaur warrior is almost dead.
The centaur warrior hits you.
* * * LOW HITPOINT WARNING * * *
The centaur warrior hits you!
You die...

###################
#..)..#.)'..#__#..+
'..#..'..#..'..'..#
#####'#####'#__####
####..#...#.####§§#
#__####..##§#≈§≈§c#
#_____##'#_.§≈§§@§+
#_.∩..†'..._#§≈§§c#
#_..__##_.#'##+####
#_____###+#.#
####### ###


You could see 2 centaur warriors.

Vanquished Creatures
  A slime creature (D)
  Sigmund (D)
  A yak (D)
  An ogre (D)
  A jelly (D)
  Ijyb (D)
6 creatures vanquished.

Vanquished Creatures (others)
  A gargoyle (D)
1 creature vanquished.

Grand Total: 7 creatures vanquished

Notes
Turn   | Place    | Note
-------+----------+-------------------------------------------
     0 | D        | Groucho the Gargoyle Berserker began the quest for the Orb.
     0 | D        | Reached XP level 1. HP: 14/14 MP: 1/1
     2 | D        | Noticed Ijyb
     7 | D        | Killed Ijyb
     8 | D        | Reached skill level 6 in Stealth
     8 | D        | Reached XP level 2. HP: 19/19 MP: 2/2
     8 | D        | Reached XP level 3. HP: 23/23 MP: 3/3
    77 | D        | Noticed an ogre
    85 | D        | Killed an ogre
    86 | D        | Reached skill level 10 in Stealth
    86 | D        | Reached XP level 4. HP: 22/28 MP: 4/4
   351 | D        | Killed a gargoyle
   419 | D        | Noticed Sigmund
   421 | D        | Killed Sigmund
   421 | D        | Reached ** piety under Trog
   422 | D        | Reached skill level 14 in Stealth
   422 | D        | Reached XP level 5. HP: 32/32 MP: 5/5
   422 | D        | Reached XP level 6. HP: 37/37 MP: 6/6
   434 | D        | Found a shimmering blue altar of Sif Muna.
   435 | D        | Found an ornate altar of the Wu Jian Council.
   436 | D        | Found a radiant altar of Vehumet.
   474 | D        | Found Haifra Esigh's Antique Weapon Emporium.
   474 | D        | Found an ancient bone altar of Kikubaaqudgha.
   474 | D        | Found a hazy altar of Hepliaklqana.
   474 | D        | Found a stormy altar of Qazlal.
   474 | D        | Found a hide-covered altar of Uskayaw.
   474 | D        | Found a blossoming altar of Fedhas.
   474 | D        | Found a bloodstained altar of Trog.
   474 | D        | Found an iron altar of Okawaru.
   474 | D        | Found a basalt altar of Yredelemnul.
   474 | D        | Found a glowing golden altar of the Shining One.
   474 | D        | Found a snail-covered altar of Cheibriados.
   474 | D        | Found a sacrificial altar of Ru.
   474 | D        | Found a glowing silver altar of Zin.
   474 | D        | Found a shadowy altar of Dithmenos.
   474 | D        | Found a white marble altar of Elyvilon.
   474 | D        | Noticed a yak
   475 | D        | Found an opulent altar of Gozag.
   476 | D        | Killed a yak
   477 | D        | Reached skill level 16 in Stealth
   477 | D        | Reached XP level 7. HP: 41/41 MP: 7/7
   477 | D        | Found a sparkling altar of Nemelex Xobeh.
   495 | D        | Found a burning altar of Makhleb.
   495 | D        | Found a shimmering altar of Xom.
   495 | D        | Noticed a slime creature
   496 | D        | Found a viscous altar of Jiyva.
   496 | D        | Found a corrupted altar of Lugonu.
   498 | D        | Killed a slime creature
   498 | D        | Reached *** piety under Trog
   499 | D        | Reached skill level 17 in Stealth
   523 | D        | Noticed a centaur warrior
   523 | D        | Noticed a centaur warrior
   536 | D        | Mangled by a centaur warrior

Illustrated notes

Levels and vault maps discovered:
D:        dungeon_sprint_1 [red_sonja_temple_1, red_sonja_temple_small_1]

Skill      XL: |  1  2  3  4  5  6  7 |
---------------+----------------------+-----
Stealth        | 6 10 14 16 17 | 17.3
Fighting       | |  3.2
Short Blades   | |  2.6
Armour         | |  2.1
Dodging        | |  1.5

Action                   |  1- 3 |  4- 6 |  7- 9 || total
-------------------------+-------+-------+-------++-------
Melee: Short sword       |     3 |       |       ||     3
       Dagger            |     4 |     3 |    12 ||    19
Invok: Berserk           |     2 |       |     1 ||     3
       Trog's Hand       |       |       |     1 ||     1
  Use: Scroll            |       |       |     1 ||     1
 Stab: Sleeping          |       |     3 |     1 ||     4
Armor: Animal skin       |       |       |     3 ||     3
Dodge: Dodged            |     3 |       |    12 ||    15
